SAN JOSE vs ANAHEIM

Created - May 16, 2021 at 12:17

Goals
1 2 3 T
SAN JOSE 0 2 0 2
ANAHEIM 3 0 3 6
Shots
1 2 3 T
SAN JOSE 5 17 10 32
ANAHEIM 9 9 13 31

1st period

1. ANAHEIM , Tyler Motte 9 (Jake McCabe 32) at 5:33
2. ANAHEIM , Tyler Motte 10 (Pierre-Luc Dubois 21, Michael Frolik 17) at 7:08
3. ANAHEIM , Michael Frolik 13 (Anton Stralman 39, Tyler Motte 9) at 7:51

Penalties :
Joel Edmundson (ANA) for Interference (Minor) at 16:17, Tyler Motte (ANA) for Interference (Minor) at 19:37

2nd period

4. SAN JOSE , Cody Ceci 8 (Brandon Montour 28, Cam Atkinson 16) at 0:34 (PP)
5. SAN JOSE , Cody Ceci 9 (Chris Kreider 21, David Kampf 12) at 16:02

Penalties :
Jason Zucker (ANA) for Fighting (Major) at 1:28, Tanner Pearson (SJ ) for Fighting (Major) at 1:28, Anton Stralman (ANA) for Cross-checking (Minor) at 7:37, Jake Allen (SJ ) for Slashing (Minor) at 19:20 - Chris Kreider served the penalty.

3rd period

6. ANAHEIM , Anton Stralman 9 (Connor McDavid 38) at 6:18 (PP)
7. ANAHEIM , Connor McDavid 24 (Jason Zucker 31, Caleb Jones 11) at 7:35
8. ANAHEIM , Andreas Athanasiou 18 (Olli Maatta 24, Zach Sanford 16) at 7:53

Penalties :
Chris Kreider (SJ ) for Tripping (Minor) at 5:27, TJ Brodie (SJ ) for Hooking (Minor) at 9:07, Trevor van Riemsdyk (ANA) for Slashing (Minor) at 11:35

Goalie Stats

Jake Allen (SJ ), 25 saves from 31 shots - (0.806), L, 32-33-4, 60:00 minutes
Cam Talbot (ANA), 30 saves from 32 shots - (0.938), W, 25-22-6, 60:00 minutes

Players Stats for SAN JOSE

Player Name              G  A  P  +/- PIM S  H  SB GA TA FO     MP     PP MP  PK MP  
------------------------------------------------------------------------------------
Alexander Kerfoot        0  0  0  -2  0   3  1  1  0  0  5/13   17:04   0:00   0:00 
Brandon Montour          0  1  1  -1  0   1  2  5  0  0  0/0    21:18   3:48   2:50 
Cam Atkinson             0  1  1  -1  0   2  0  0  0  0  0/1    17:10   3:35   0:32 
Chris Kreider            0  1  1  -1  2   9  6  0  0  0  4/7    20:52   3:35   1:27 
Cody Ceci                2  0  2  -1  0   4  1  3  0  0  0/0    24:16   3:48   2:50 
Colin Miller             0  0  0   0  0   0  0  0  0  0  0/0     3:21   0:00   0:00 
David Kampf              0  1  1   0  0   1  0  0  0  0  7/11    7:57   0:00   2:32 
Jesper Fast              0  0  0  -1  0   2  2  0  0  0  1/1    18:41   3:19   0:00 
Kevin Hayes              0  0  0  -1  0   3  1  0  0  0  21/30  20:50   3:35   4:12 
Niklas Hjalmarsson       0  0  0  -1  0   1  1  0  0  0  0/0    19:47   3:06   1:59 
Rickard Rakell           0  0  0  -1  0   2  0  0  0  0  2/2    18:50   3:19   0:32 
Ryan Dzingel             0  0  0  -1  0   0  3  0  0  0  8/30   18:36   3:19   0:18 
Ryan Murray              0  0  0  -1  0   1  1  2  0  0  0/0    19:24   3:06   1:59 
Stefan Noesen            0  0  0  -2  0   0  1  0  0  0  1/2    17:04   0:00   0:00 
Tanner Pearson           0  0  0  -2  5   2  0  0  0  0  0/0    14:49   0:00   0:00 
TJ Brodie                0  0  0  -2  2   1  1  1  0  0  0/0    15:56   0:00   0:00 
Will Butcher             0  0  0  -2  0   0  0  1  0  0  0/0    15:57   0:00   0:00 
William Carrier          0  0  0   0  0   0  0  0  0  0  0/0     3:16   0:00   0:05 

Players Stats for ANAHEIM

Player Name              G  A  P  +/- PIM S  H  SB GA TA FO     MP     PP MP  PK MP  
------------------------------------------------------------------------------------
Andreas Athanasiou       1  0  1   0  0   3  1  0  0  0  1/1    15:54   2:24   0:23 
Anton Stralman           1  1  2   1  2   2  1  0  0  0  0/0    20:10   2:18   2:12 
Caleb Jones              0  1  1   2  0   0  1  1  0  0  0/0    16:11   0:00   1:32 
Chris Wagner             0  0  0   0  0   0  0  0  0  0  0/1     3:45   0:00   0:54 
Connor McDavid           1  1  2   1  0   3  0  0  0  0  19/34  24:49   2:25   4:01 
Evgeny Kuznetsov         0  0  0   0  0   3  3  0  0  0  9/26   23:08   2:24   4:07 
Frank Vatrano            0  0  0   1  0   3  2  1  0  0  1/3    18:23   2:25   0:00 
Jake McCabe              0  1  1   1  0   0  2  1  0  0  0/0    20:25   2:18   3:08 
Jason Zucker             0  1  1   1  5   0  0  0  0  0  1/1    18:14   2:25   1:36 
Joel Edmundson           0  0  0   1  2   1  1  1  0  0  0/0    21:04   2:31   2:47 
Michael Frolik           1  1  2   3  0   4  0  0  0  0  2/2    16:52   0:00   1:11 
Mike Green               0  0  0   0  0   0  0  1  0  0  0/0     3:15   0:00   0:23 
Olli Maatta              0  1  1   1  0   0  2  1  0  0  0/0    24:14   2:31   3:46 
Pierre-Luc Dubois        0  1  1   3  0   0  2  1  0  0  10/23  17:17   0:00   1:36 
Radek Faksa              0  0  0   0  0   1  1  0  0  0  4/5     3:31   0:00   0:00 
Trevor van Riemsdyk      0  0  0   2  2   0  3  0  0  0  0/0    14:38   0:00   0:00 
Tyler Motte              2  1  3   3  2   7  2  0  0  0  0/0    15:40   0:00   0:00 
Zach Sanford             0  1  1   0  0   4  0  0  0  0  1/1    15:31   2:24   0:00 

3 Stars

1 - Tyler Motte (ANA)
2 - Michael Frolik (ANA)
3 - Connor McDavid (ANA)

Power Play

SAN JOSE - 1 on 4 Attempt(s) - 25.00%
ANAHEIM - 1 on 3 Attempt(s) - 33.33%

Penalty Kill

SAN JOSE - 2 on 3 Attempt(s) - 66.67% - Score 0 goal in Penalty Kill
ANAHEIM - 3 on 4 Attempt(s) - 75.00% - Score 0 goal in Penalty Kill

Team Stat

SAN JOSE - Hits : 20 - Faceoff Wins : 49 - Blocked Shots : 13 - Penalty Minutes : 11
ANAHEIM - Hits : 21 - Faceoff Wins : 48 - Blocked Shots : 7 - Penalty Minutes : 13

Official

Referees : Kyle Liboiron and Chris Rooney
Linesman : Shandor Alphonso and Jim Harper

Game Notes

Jason Zucker and Tanner Pearson fight to a draw at 1:28 of 2nd period

Finance

Level 1 -- Attendance: 5871 (97.85%) -- Ticket Income $522,519
Level 2 -- Attendance: 5000 (100.00%) -- Ticket Income $270,000
Level 3 -- Attendance: 1844 (92.20%) -- Ticket Income $51,632
Level 4 -- Attendance: 2852 (71.30%) -- Ticket Income $59,892
Luxury Box -- Attendance: 844 (84.40%) -- Ticket Income $156,984
Game was played at the Honda Center.
Total Attendance: 16411 (91.17%)
Total Ticket Income: $1,061,027
Total Income: $1,061,027

SAN JOSE

5 vs 5 Forward 
   Center                   Left Wing                Right Wing               Time % Phy DF OF 
 1 Kevin Hayes              Chris Kreider            Cam Atkinson             35     1   2  2  
 2 Ryan Dzingel             Rickard Rakell           Jesper Fast              30     1   2  2  
 3 Alexander Kerfoot        Tanner Pearson           Stefan Noesen            25     1   2  2  
 4 David Kampf              William Carrier          Chris Kreider            10     1   2  2  

5 vs 5 Defense 
   Defense                  Defense                                           Time % Phy DF OF 
 1 Cody Ceci                Brandon Montour                                   35     1   2  2  
 2 Niklas Hjalmarsson       Ryan Murray                                       30     1   2  2  
 3 TJ Brodie                Will Butcher                                      25     1   2  2  
 4 Colin Miller             Cody Ceci                                         10     1   2  2  

PowerPlay Forward 
   Center                   Left Wing                Right Wing               Time % Phy DF OF 
 1 Kevin Hayes              Chris Kreider            Cam Atkinson             60     1   2  2  
 2 Ryan Dzingel             Rickard Rakell           Jesper Fast              40     1   2  2  

PowerPlay Defense
   Defense                  Defense                                           Time % Phy DF OF 
 1 Cody Ceci                Brandon Montour                                   60     1   2  2  
 2 Niklas Hjalmarsson       Ryan Murray                                       40     1   2  2  

Penalty Kill 4 Players Forward 
   Center                   Wing                     Time % Phy DF OF 
 1 Chris Kreider            Kevin Hayes              60     1   2  2  
 2 Rickard Rakell           Cam Atkinson             40     1   2  2  

Penalty Kill 4 Players Defense
   Defense                  Defense                  Time % Phy DF OF 
 1 Cody Ceci                Brandon Montour          60     1   2  2  
 2 Niklas Hjalmarsson       Ryan Murray              40     1   2  2  

Penalty Kill - 3 Players Forward 
   Forward                                           Time % Phy DF OF 
 1 Chris Kreider                                     60     1   2  2  
 2 Kevin Hayes                                       40     1   2  2  

Penalty Kill - 3 Players Defense
   Defense                  Defense                  Time % Phy DF OF 
 1 Cody Ceci                Brandon Montour          60     1   2  2  
 2 Niklas Hjalmarsson       Ryan Murray              40     1   2  2  

4 vs 4 Forward 
   Center                   Wing                     Time % Phy DF OF 
 1 Chris Kreider            Kevin Hayes              60     1   2  2  
 2 Rickard Rakell           Cam Atkinson             40     1   2  2  

4 vs 4 Defense
   Defense                  Defense                  Time % Phy DF OF 
 1 Cody Ceci                Brandon Montour          60     1   2  2  
 2 Niklas Hjalmarsson       Ryan Murray              40     1   2  2  

Last Minutes Offensive
   Center                   Left Wing                Right Wing               Defense                  Defense                  
   Kevin Hayes              Chris Kreider            Cam Atkinson             Cody Ceci                Brandon Montour          

Last Minutes Defensive
   Center                   Left Wing                Right Wing               Defense                  Defense                  
   Kevin Hayes              Chris Kreider            Cam Atkinson             Cody Ceci                Brandon Montour          

Goaltenders
Starting : Jake Allen               
Backup : Edward Pasquale          

Extra Forwards
Normal : Tanner Pearson, Alexander Kerfoot, David Kampf - PP : Tanner Pearson, Alexander Kerfoot - PK : David Kampf
Extra Defensemen
Normal : TJ Brodie, Will Butcher, Colin Miller - PP : TJ Brodie - PK : Will Butcher, Colin Miller
Penalty Shots
Chris Kreider, Kevin Hayes, Rickard Rakell, Cam Atkinson, Tanner Pearson

Scratches
SJ Cap Hit (Suspend), Mikhail Grigorenko (Healthy)

ANAHEIM

5 vs 5 Forward 
   Center                   Left Wing                Right Wing               Time % Phy DF OF 
 1 Connor McDavid           Jason Zucker             Frank Vatrano            35     1   2  2  
 2 Evgeny Kuznetsov         Andreas Athanasiou       Zach Sanford             30     1   2  2  
 3 Pierre-Luc Dubois        Michael Frolik           Tyler Motte              25     1   2  2  
 4 Radek Faksa              Connor McDavid           Evgeny Kuznetsov         10     1   2  2  

5 vs 5 Defense 
   Defense                  Defense                                           Time % Phy DF OF 
 1 Olli Maatta              Joel Edmundson                                    35     1   2  2  
 2 Anton Stralman           Jake McCabe                                       30     1   2  2  
 3 Trevor van Riemsdyk      Caleb Jones                                       25     1   2  2  
 4 Mike Green               Olli Maatta                                       10     1   2  2  

PowerPlay Forward 
   Center                   Left Wing                Right Wing               Time % Phy DF OF 
 1 Connor McDavid           Jason Zucker             Frank Vatrano            60     1   2  2  
 2 Evgeny Kuznetsov         Andreas Athanasiou       Zach Sanford             40     1   2  2  

PowerPlay Defense
   Defense                  Defense                                           Time % Phy DF OF 
 1 Olli Maatta              Joel Edmundson                                    60     1   2  2  
 2 Anton Stralman           Jake McCabe                                       40     1   2  2  

Penalty Kill 4 Players Forward 
   Center                   Wing                     Time % Phy DF OF 
 1 Connor McDavid           Evgeny Kuznetsov         60     1   2  2  
 2 Pierre-Luc Dubois        Jason Zucker             40     1   2  2  

Penalty Kill 4 Players Defense
   Defense                  Defense                  Time % Phy DF OF 
 1 Olli Maatta              Joel Edmundson           60     1   2  2  
 2 Anton Stralman           Jake McCabe              40     1   2  2  

Penalty Kill - 3 Players Forward 
   Forward                                           Time % Phy DF OF 
 1 Connor McDavid                                    60     1   2  2  
 2 Evgeny Kuznetsov                                  40     1   2  2  

Penalty Kill - 3 Players Defense
   Defense                  Defense                  Time % Phy DF OF 
 1 Olli Maatta              Joel Edmundson           60     1   2  2  
 2 Anton Stralman           Jake McCabe              40     1   2  2  

4 vs 4 Forward 
   Center                   Wing                     Time % Phy DF OF 
 1 Connor McDavid           Evgeny Kuznetsov         60     1   2  2  
 2 Pierre-Luc Dubois        Jason Zucker             40     1   2  2  

4 vs 4 Defense
   Defense                  Defense                  Time % Phy DF OF 
 1 Olli Maatta              Joel Edmundson           60     1   2  2  
 2 Anton Stralman           Jake McCabe              40     1   2  2  

Last Minutes Offensive
   Center                   Left Wing                Right Wing               Defense                  Defense                  
   Connor McDavid           Jason Zucker             Frank Vatrano            Olli Maatta              Joel Edmundson           

Last Minutes Defensive
   Center                   Left Wing                Right Wing               Defense                  Defense                  
   Connor McDavid           Jason Zucker             Frank Vatrano            Olli Maatta              Joel Edmundson           

Goaltenders
Starting : Cam Talbot               
Backup : Juuse Saros              

Extra Forwards
Normal : Chris Wagner, Radek Faksa, Michael Frolik - PP : Chris Wagner, Radek Faksa - PK : Michael Frolik
Extra Defensemen
Normal : Trevor van Riemsdyk, Caleb Jones, Mike Green - PP : Trevor van Riemsdyk - PK : Caleb Jones, Mike Green
Penalty Shots
Connor McDavid, Evgeny Kuznetsov, Pierre-Luc Dubois, Jason Zucker, Radek Faksa

Scratches
ANA Cap Hit (Suspend)

% Time on Ice - SAN JOSE

Lines # - Real PCT - Wanted PCT - Time Play
Normal Forward
1 - 27% - 35% - 13:03
2 - 31% - 30% - 14:59
3 - 35% - 25% - 17:04
4 - 7% - 10% - 3:11
Normal Defense
1 - 30% - 35% - 14:40
2 - 30% - 30% - 14:19
3 - 33% - 25% - 15:57
4 - 7% - 10% - 3:21
PP Forward
1 - 52% - 60% - 3:35
2 - 48% - 40% - 3:19
PP Defense
1 - 55% - 60% - 3:48
2 - 45% - 40% - 3:06
PK Forward
1 - 89% - 60% - 4:17
2 - 11% - 40% - 0:32
PK Defense
1 - 59% - 60% - 2:50
2 - 41% - 40% - 1:59
PK3 Forward
1 - 0% - 60%
2 - 0% - 40%
PK3 Defense
1 - 0% - 60%
2 - 0% - 40%
44 Forward
1 - 0% - 60%
2 - 0% - 40%
44 Defense
1 - 0% - 60%
2 - 0% - 40%
Last Minute Offensive  - 0:00
Last Minute Defensive  - 0:00
Total
Forward - 60:00
Defense - 60:00

% Time on Ice - ANAHEIM

Lines # - Real PCT - Wanted PCT - Time Play
Normal Forward
1 - 33% - 35% - 15:58
2 - 27% - 30% - 13:07
3 - 32% - 25% - 15:41
4 - 7% - 10% - 3:31
Normal Defense
1 - 33% - 35% - 15:47
2 - 31% - 30% - 14:59
3 - 30% - 25% - 14:39
4 - 6% - 10% - 2:52
PP Forward
1 - 50% - 60% - 2:25
2 - 50% - 40% - 2:24
PP Defense
1 - 52% - 60% - 2:31
2 - 48% - 40% - 2:18
PK Forward
1 - 77% - 60% - 5:18
2 - 23% - 40% - 1:36
PK Defense
1 - 55% - 60% - 3:46
2 - 45% - 40% - 3:08
PK3 Forward
1 - 0% - 60%
2 - 0% - 40%
PK3 Defense
1 - 0% - 60%
2 - 0% - 40%
44 Forward
1 - 0% - 60%
2 - 0% - 40%
44 Defense
1 - 0% - 60%
2 - 0% - 40%
Last Minute Offensive  - 0:00
Last Minute Defensive  - 0:00
Total
Forward - 60:00
Defense - 60:00

Play-by-Play

1st period


0:01 of 1st period - Kevin Hayes wins face-off versus Connor McDavid in neutral zone.
0:24 of 1st period - Shot by Frank Vatrano.
0:24 of 1st period - Stopped by Jake Allen without a rebound.
0:25 of 1st period - Rickard Rakell wins face-off versus Evgeny Kuznetsov in SAN JOSE zone.
0:25 of 1st period - Rickard Rakell is hit by Evgeny Kuznetsov.
0:28 of 1st period - Jesper Fast is hit by Evgeny Kuznetsov.
0:36 of 1st period - Jesper Fast is hit by Anton Stralman and loses puck.
0:39 of 1st period - Shot by Niklas Hjalmarsson.
0:39 of 1st period - Stopped by Cam Talbot without a rebound.
0:40 of 1st period - Pierre-Luc Dubois wins face-off versus Alexander Kerfoot in ANAHEIM zone.
0:51 of 1st period - Shot by Pierre-Luc Dubois.
0:51 of 1st period - Shot Misses the Net.
1:24 of 1st period - Icing by TJ Brodie.
1:25 of 1st period - Radek Faksa wins face-off versus Alexander Kerfoot in SAN JOSE zone.
2:19 of 1st period - Rickard Rakell is hit by Olli Maatta and loses puck.
2:33 of 1st period - Off-side.
2:34 of 1st period - Kevin Hayes wins face-off versus Pierre-Luc Dubois in neutral zone.
2:52 of 1st period - Shot by Michael Frolik.
2:52 of 1st period - Stopped by Jake Allen with a rebound.
3:32 of 1st period - Niklas Hjalmarsson is hit by Pierre-Luc Dubois and loses puck.
4:05 of 1st period - Rickard Rakell is hit by Frank Vatrano.
4:45 of 1st period - Olli Maatta is hit by Cody Ceci and loses puck.
5:08 of 1st period - Shot by Zach Sanford.
5:08 of 1st period - Shot Misses the Net.
5:31 of 1st period - Shot by Tyler Motte.
5:31 of 1st period - Stopped by Jake Allen with a rebound.
5:33 of 1st period - Shot by Tyler Motte.
5:33 of 1st period - Goal by Tyler Motte - SAN JOSE : 0 - ANAHEIM : 1.
5:34 of 1st period - Radek Faksa wins face-off versus Alexander Kerfoot in neutral zone.
5:55 of 1st period - Shot by Tanner Pearson.
5:55 of 1st period - Stopped by Cam Talbot with a rebound.
5:57 of 1st period - Shot by TJ Brodie.
5:57 of 1st period - Stopped by Cam Talbot without a rebound.
5:58 of 1st period - Frank Vatrano wins face-off versus Ryan Dzingel in ANAHEIM zone.
6:03 of 1st period - Anton Stralman is hit by Jesper Fast and loses puck.
6:07 of 1st period - Icing by Anton Stralman.
6:08 of 1st period - Alexander Kerfoot wins face-off versus Connor McDavid in ANAHEIM zone.
7:06 of 1st period - Shot by Pierre-Luc Dubois.
7:06 of 1st period - Shot Misses the Net.
7:08 of 1st period - Shot by Tyler Motte.
7:08 of 1st period - Goal by Tyler Motte - SAN JOSE : 0 - ANAHEIM : 2.
7:09 of 1st period - Evgeny Kuznetsov wins face-off versus Ryan Dzingel in neutral zone.
7:26 of 1st period - Shot by Evgeny Kuznetsov.
7:26 of 1st period - Shot Blocked by Ryan Murray.
7:31 of 1st period - Icing by Ryan Murray.
7:32 of 1st period - Pierre-Luc Dubois wins face-off versus Ryan Dzingel in SAN JOSE zone.
7:43 of 1st period - Shot by Pierre-Luc Dubois.
7:43 of 1st period - Shot Misses the Net.
7:45 of 1st period - Shot by Tyler Motte.
7:45 of 1st period - Shot Misses the Net.
7:51 of 1st period - Shot by Michael Frolik.
7:51 of 1st period - Goal by Michael Frolik - SAN JOSE : 0 - ANAHEIM : 3.
7:52 of 1st period - Kevin Hayes wins face-off versus Evgeny Kuznetsov in neutral zone.
8:24 of 1st period - Icing by Cody Ceci.
8:25 of 1st period - Kevin Hayes wins face-off versus Frank Vatrano in SAN JOSE zone.
8:41 of 1st period - Off-side.
8:42 of 1st period - Ryan Dzingel wins face-off versus Pierre-Luc Dubois in neutral zone.
9:27 of 1st period - Icing by Jake McCabe.
9:28 of 1st period - Pierre-Luc Dubois wins face-off versus Stefan Noesen in ANAHEIM zone.
10:20 of 1st period - Icing by Olli Maatta.
10:21 of 1st period - Connor McDavid wins face-off versus Kevin Hayes in ANAHEIM zone.
10:23 of 1st period - Icing by Jason Zucker.
10:24 of 1st period - Connor McDavid wins face-off versus Kevin Hayes in ANAHEIM zone.
10:31 of 1st period - Shot by Connor McDavid.
10:31 of 1st period - Shot Misses the Net.
12:20 of 1st period - Shot by Anton Stralman.
12:20 of 1st period - Shot Blocked by Brandon Montour.
12:22 of 1st period - Shot by Anton Stralman.
12:22 of 1st period - Shot Blocked by Brandon Montour.
12:24 of 1st period - Shot by Pierre-Luc Dubois.
12:24 of 1st period - Deflect By Tyler Motte.
12:24 of 1st period - Stopped by Jake Allen without a rebound.
12:25 of 1st period - Pierre-Luc Dubois wins face-off versus David Kampf in SAN JOSE zone.
12:32 of 1st period - Shot by Tyler Motte.
12:32 of 1st period - Stopped by Jake Allen without a rebound.
12:33 of 1st period - Kevin Hayes wins face-off versus Radek Faksa in SAN JOSE zone.
12:33 of 1st period - Kevin Hayes is hit by Radek Faksa.
15:14 of 1st period - Mike Green is hit by Stefan Noesen and loses puck.
15:56 of 1st period - Shot by Pierre-Luc Dubois.
15:56 of 1st period - Shot Misses the Net.
15:58 of 1st period - Shot by Michael Frolik.
15:58 of 1st period - Shot Blocked by Alexander Kerfoot.
16:02 of 1st period - Shot by Tyler Motte.
16:02 of 1st period - Stopped by Jake Allen without a rebound.
16:03 of 1st period - Kevin Hayes wins face-off versus Connor McDavid in SAN JOSE zone.
16:11 of 1st period - Chris Kreider is hit by Olli Maatta and loses puck.
16:17 of 1st period - Minor Penalty to Joel Edmundson for Interference.
16:18 of 1st period - Connor McDavid wins face-off versus Ryan Dzingel in ANAHEIM zone.
17:17 of 1st period - Shot by Evgeny Kuznetsov.
17:17 of 1st period - Shot Blocked by Cody Ceci.
17:19 of 1st period - Shot by Chris Wagner.
17:19 of 1st period - Shot Misses the Net.
18:05 of 1st period - Shot by Jesper Fast.
18:05 of 1st period - Stopped by Cam Talbot without a rebound.
18:06 of 1st period - Kevin Hayes wins face-off versus Pierre-Luc Dubois in ANAHEIM zone.
18:07 of 1st period - Shot by Brandon Montour.
18:07 of 1st period - Shot Blocked by Mike Green.
18:09 of 1st period - Shot by Cody Ceci.
18:09 of 1st period - Stopped by Cam Talbot without a rebound.
18:10 of 1st period - Pierre-Luc Dubois wins face-off versus Ryan Dzingel in ANAHEIM zone.
19:06 of 1st period - Ryan Dzingel is hit by Pierre-Luc Dubois and loses puck.
19:12 of 1st period - Niklas Hjalmarsson is hit by Joel Edmundson and loses puck.
19:31 of 1st period - TJ Brodie is hit by Tyler Motte and loses puck.
19:37 of 1st period - Minor Penalty to Tyler Motte for Interference.
19:38 of 1st period - Kevin Hayes wins face-off versus Connor McDavid in ANAHEIM zone.
19:47 of 1st period - Shot by Chris Kreider.
19:47 of 1st period - Shot Hit the Post.
Goals for this period are 0 for SAN JOSE vs 3 for ANAHEIM.
Shots for this period are 5 for SAN JOSE vs 9 for ANAHEIM.

2nd period


0:01 of 2nd period - Chris Kreider wins face-off versus Connor McDavid in neutral zone.
0:04 of 2nd period - Shot by Chris Kreider.
0:04 of 2nd period - Stopped by Cam Talbot with a rebound.
0:06 of 2nd period - Shot by Brandon Montour.
0:06 of 2nd period - Shot Misses the Net.
0:30 of 2nd period - Shot by Cam Atkinson.
0:30 of 2nd period - Stopped by Cam Talbot with a rebound.
0:32 of 2nd period - Shot by Brandon Montour.
0:32 of 2nd period - Shot Misses the Net.
0:34 of 2nd period - Shot by Cody Ceci.
0:34 of 2nd period - Goal by Cody Ceci - SAN JOSE : 1 - ANAHEIM : 3.
0:35 of 2nd period - Jesper Fast wins face-off versus Pierre-Luc Dubois in neutral zone.
0:55 of 2nd period - Shot by Anton Stralman.
0:55 of 2nd period - Shot Misses the Net.
1:01 of 2nd period - Shot by Pierre-Luc Dubois.
1:01 of 2nd period - Shot Misses the Net.
1:03 of 2nd period - Shot by Tyler Motte.
1:03 of 2nd period - Shot Misses the Net.
1:05 of 2nd period - Shot by Jake McCabe.
1:05 of 2nd period - Shot Misses the Net.
1:28 of 2nd period - Jason Zucker and Tanner Pearson fight to a draw.
1:28 of 2nd period - Penalty to Jason Zucker for Fighting.
1:28 of 2nd period - Penalty to Tanner Pearson for Fighting.
1:29 of 2nd period - Kevin Hayes wins face-off versus Evgeny Kuznetsov in ANAHEIM zone.
1:42 of 2nd period - Shot by Chris Kreider.
1:42 of 2nd period - Shot Misses the Net.
2:08 of 2nd period - Shot by Zach Sanford.
2:08 of 2nd period - Stopped by Jake Allen without a rebound.
2:09 of 2nd period - Alexander Kerfoot wins face-off versus Connor McDavid in SAN JOSE zone.
2:22 of 2nd period - Shot by Alexander Kerfoot.
2:22 of 2nd period - Shot Blocked by Caleb Jones.
2:24 of 2nd period - Shot by David Kampf.
2:24 of 2nd period - Stopped by Cam Talbot without a rebound.
2:25 of 2nd period - Pierre-Luc Dubois wins face-off versus Ryan Dzingel in ANAHEIM zone.
2:32 of 2nd period - Icing by Niklas Hjalmarsson.
2:33 of 2nd period - Ryan Dzingel wins face-off versus Chris Wagner in SAN JOSE zone.
2:50 of 2nd period - Shot by Jesper Fast.
2:50 of 2nd period - Stopped by Cam Talbot with a rebound.
2:52 of 2nd period - Shot by Rickard Rakell.
2:52 of 2nd period - Stopped by Cam Talbot without a rebound.
2:53 of 2nd period - Kevin Hayes wins face-off versus Evgeny Kuznetsov in ANAHEIM zone.
3:25 of 2nd period - Olli Maatta is hit by Chris Kreider and loses puck.
3:46 of 2nd period - Shot by Rickard Rakell.
3:46 of 2nd period - Stopped by Cam Talbot without a rebound.
3:47 of 2nd period - Connor McDavid wins face-off versus Ryan Dzingel in ANAHEIM zone.
3:47 of 2nd period - Connor McDavid is hit by Ryan Dzingel.
3:58 of 2nd period - Icing by Ryan Murray.
3:59 of 2nd period - Ryan Dzingel wins face-off versus Pierre-Luc Dubois in SAN JOSE zone.
5:19 of 2nd period - Connor McDavid is hit by TJ Brodie and loses puck.
6:05 of 2nd period - Shot by Evgeny Kuznetsov.
6:05 of 2nd period - Shot Misses the Net.
6:15 of 2nd period - Shot by Zach Sanford.
6:15 of 2nd period - Shot Misses the Net.
6:17 of 2nd period - Shot by Joel Edmundson.
6:17 of 2nd period - Shot Misses the Net.
7:18 of 2nd period - Off-side.
7:19 of 2nd period - Radek Faksa wins face-off versus Ryan Dzingel in neutral zone.
7:37 of 2nd period - Minor Penalty to Anton Stralman for Cross-checking.
7:38 of 2nd period - Kevin Hayes wins face-off versus Evgeny Kuznetsov in ANAHEIM zone.
7:55 of 2nd period - Shot by Chris Kreider.
7:55 of 2nd period - Shot Blocked by Joel Edmundson.
7:57 of 2nd period - Shot by Brandon Montour.
7:57 of 2nd period - Stopped by Cam Talbot without a rebound.
7:58 of 2nd period - Pierre-Luc Dubois wins face-off versus Ryan Dzingel in ANAHEIM zone.
9:09 of 2nd period - Shot by Chris Kreider.
9:09 of 2nd period - Shot Blocked by Pierre-Luc Dubois.
9:21 of 2nd period - Shot by Cody Ceci.
9:21 of 2nd period - Shot Misses the Net.
9:25 of 2nd period - Shot by Cam Atkinson.
9:25 of 2nd period - Shot Misses the Net.
9:59 of 2nd period - Shot by Tyler Motte.
9:59 of 2nd period - Stopped by Jake Allen without a rebound.
10:00 of 2nd period - Connor McDavid wins face-off versus Kevin Hayes in SAN JOSE zone.
10:01 of 2nd period - Shot by Jason Zucker.
10:01 of 2nd period - Shot Misses the Net.
10:17 of 2nd period - Shot by Chris Kreider.
10:17 of 2nd period - Stopped by Cam Talbot with a rebound.
10:19 of 2nd period - Shot by Kevin Hayes.
10:19 of 2nd period - Deflect By Chris Kreider.
10:19 of 2nd period - Stopped by Cam Talbot without a rebound.
10:20 of 2nd period - Ryan Dzingel wins face-off versus Evgeny Kuznetsov in ANAHEIM zone.
10:33 of 2nd period - Shot by Evgeny Kuznetsov.
10:33 of 2nd period - Stopped by Jake Allen without a rebound.
10:34 of 2nd period - Alexander Kerfoot wins face-off versus Connor McDavid in SAN JOSE zone.
11:00 of 2nd period - Icing by Alexander Kerfoot.
11:01 of 2nd period - Evgeny Kuznetsov wins face-off versus Alexander Kerfoot in SAN JOSE zone.
11:21 of 2nd period - Icing by Joel Edmundson.
11:22 of 2nd period - Kevin Hayes wins face-off versus Evgeny Kuznetsov in ANAHEIM zone.
11:43 of 2nd period - Shot by Ryan Murray.
11:43 of 2nd period - Shot Misses the Net.
11:45 of 2nd period - Shot by Chris Kreider.
11:45 of 2nd period - Stopped by Cam Talbot without a rebound.
11:46 of 2nd period - Ryan Dzingel wins face-off versus Connor McDavid in ANAHEIM zone.
11:48 of 2nd period - Jesper Fast is hit by Jake McCabe and loses puck.
12:05 of 2nd period - Off-side.
12:06 of 2nd period - Kevin Hayes wins face-off versus Pierre-Luc Dubois in neutral zone.
12:10 of 2nd period - Chris Kreider is hit by Trevor van Riemsdyk.
12:19 of 2nd period - Icing by Caleb Jones.
12:20 of 2nd period - Pierre-Luc Dubois wins face-off versus Ryan Dzingel in ANAHEIM zone.
12:37 of 2nd period - Icing by Ryan Murray.
12:38 of 2nd period - Evgeny Kuznetsov wins face-off versus Ryan Dzingel in SAN JOSE zone.
12:59 of 2nd period - Shot by Evgeny Kuznetsov.
12:59 of 2nd period - Stopped by Jake Allen without a rebound.
13:00 of 2nd period - Connor McDavid wins face-off versus Chris Kreider in SAN JOSE zone.
13:00 of 2nd period - Jason Zucker is hit by Brandon Montour and loses puck.
13:08 of 2nd period - Off-side.
13:09 of 2nd period - Kevin Hayes wins face-off versus Connor McDavid in neutral zone.
13:22 of 2nd period - Shot by Frank Vatrano.
13:22 of 2nd period - Shot Blocked by Cody Ceci.
13:30 of 2nd period - Olli Maatta is hit by Chris Kreider.
14:19 of 2nd period - Shot by Anton Stralman.
14:19 of 2nd period - Stopped by Jake Allen without a rebound.
14:20 of 2nd period - Ryan Dzingel wins face-off versus Pierre-Luc Dubois in SAN JOSE zone.
14:34 of 2nd period - Rickard Rakell is hit by Trevor van Riemsdyk and loses puck.
15:58 of 2nd period - Icing by Evgeny Kuznetsov.
15:59 of 2nd period - David Kampf wins face-off versus Evgeny Kuznetsov in ANAHEIM zone.
16:00 of 2nd period - Shot by Chris Kreider.
16:00 of 2nd period - Stopped by Cam Talbot with a rebound.
16:02 of 2nd period - Shot by Cody Ceci.
16:02 of 2nd period - Goal by Cody Ceci - SAN JOSE : 2 - ANAHEIM : 3.
16:03 of 2nd period - Connor McDavid wins face-off versus David Kampf in neutral zone.
16:21 of 2nd period - Icing by Brandon Montour.
16:22 of 2nd period - David Kampf wins face-off versus Pierre-Luc Dubois in SAN JOSE zone.
16:49 of 2nd period - Icing by Pierre-Luc Dubois.
16:50 of 2nd period - Michael Frolik wins face-off versus Ryan Dzingel in ANAHEIM zone.
17:46 of 2nd period - Shot by Tanner Pearson.
17:46 of 2nd period - Shot Blocked by Olli Maatta.
17:50 of 2nd period - Shot by TJ Brodie.
17:50 of 2nd period - Shot Blocked by Frank Vatrano.
17:54 of 2nd period - Shot by Tanner Pearson.
17:54 of 2nd period - Shot Misses the Net.
17:56 of 2nd period - Shot by Alexander Kerfoot.
17:56 of 2nd period - Stopped by Cam Talbot without a rebound.
17:57 of 2nd period - Kevin Hayes wins face-off versus Evgeny Kuznetsov in ANAHEIM zone.
17:58 of 2nd period - Shot by Chris Kreider.
17:58 of 2nd period - Stopped by Cam Talbot without a rebound.
17:59 of 2nd period - Evgeny Kuznetsov wins face-off versus Kevin Hayes in ANAHEIM zone.
18:06 of 2nd period - Shot by Kevin Hayes.
18:06 of 2nd period - Stopped by Cam Talbot with a rebound.
18:16 of 2nd period - Shot by Chris Kreider.
18:16 of 2nd period - Stopped by Cam Talbot without a rebound.
18:17 of 2nd period - Alexander Kerfoot wins face-off versus Pierre-Luc Dubois in ANAHEIM zone.
18:29 of 2nd period - Tyler Motte is hit by Ryan Murray and loses puck.
18:44 of 2nd period - Shot by Michael Frolik.
18:44 of 2nd period - Stopped by Jake Allen without a rebound.
18:45 of 2nd period - Kevin Hayes wins face-off versus Evgeny Kuznetsov in SAN JOSE zone.
18:56 of 2nd period - Evgeny Kuznetsov is hit by Chris Kreider and loses puck.
19:04 of 2nd period - Icing by Olli Maatta.
19:05 of 2nd period - Evgeny Kuznetsov wins face-off versus Ryan Dzingel in ANAHEIM zone.
19:05 of 2nd period - Evgeny Kuznetsov is hit by Jesper Fast.
19:10 of 2nd period - Off-side.
19:11 of 2nd period - Connor McDavid wins face-off versus Kevin Hayes in neutral zone.
19:20 of 2nd period - Shot by Connor McDavid.
19:20 of 2nd period - Stopped by Jake Allen without a rebound.
19:20 of 2nd period - Minor Penalty to Jake Allen for Slashing.
19:21 of 2nd period - David Kampf wins face-off versus Connor McDavid in SAN JOSE zone.
19:21 of 2nd period - David Kampf is hit by Frank Vatrano.
19:39 of 2nd period - Shot by Frank Vatrano.
19:39 of 2nd period - Stopped by Jake Allen without a rebound.
19:40 of 2nd period - David Kampf wins face-off versus Evgeny Kuznetsov in SAN JOSE zone.
19:52 of 2nd period - Shot by Zach Sanford.
19:52 of 2nd period - Stopped by Jake Allen without a rebound.
19:53 of 2nd period - David Kampf wins face-off versus Connor McDavid in SAN JOSE zone.
Goals for this period are 2 for SAN JOSE vs 0 for ANAHEIM.
Shots for this period are 17 for SAN JOSE vs 9 for ANAHEIM.

3rd period


0:01 of 3rd period - Connor McDavid wins face-off versus David Kampf in neutral zone.
0:32 of 3rd period - Shot by Connor McDavid.
0:32 of 3rd period - Shot Misses the Net.
0:34 of 3rd period - Shot by Joel Edmundson.
0:34 of 3rd period - Shot Misses the Net.
0:36 of 3rd period - Shot by Joel Edmundson.
0:36 of 3rd period - Stopped by Jake Allen without a rebound.
0:37 of 3rd period - Evgeny Kuznetsov wins face-off versus David Kampf in SAN JOSE zone.
0:52 of 3rd period - Shot by Evgeny Kuznetsov.
0:52 of 3rd period - Deflect By Zach Sanford.
0:52 of 3rd period - Stopped by Jake Allen without a rebound.
0:53 of 3rd period - David Kampf wins face-off versus Evgeny Kuznetsov in SAN JOSE zone.
1:02 of 3rd period - Anton Stralman is hit by Kevin Hayes and loses puck.
1:42 of 3rd period - Off-side.
1:43 of 3rd period - Connor McDavid wins face-off versus Ryan Dzingel in neutral zone.
1:43 of 3rd period - Trevor van Riemsdyk is hit by Ryan Dzingel and loses puck.
2:39 of 3rd period - Icing by Jesper Fast.
2:40 of 3rd period - Zach Sanford wins face-off versus Ryan Dzingel in SAN JOSE zone.
3:08 of 3rd period - Off-side.
3:09 of 3rd period - Alexander Kerfoot wins face-off versus Pierre-Luc Dubois in neutral zone.
3:30 of 3rd period - Shot by Alexander Kerfoot.
3:30 of 3rd period - Stopped by Cam Talbot with a rebound.
3:41 of 3rd period - Tanner Pearson is hit by Jake McCabe and loses puck.
3:48 of 3rd period - Shot by Alexander Kerfoot.
3:48 of 3rd period - Stopped by Cam Talbot without a rebound.
3:49 of 3rd period - Evgeny Kuznetsov wins face-off versus Kevin Hayes in ANAHEIM zone.
4:04 of 3rd period - Shot by Andreas Athanasiou.
4:04 of 3rd period - Shot Misses the Net.
4:06 of 3rd period - Shot by Zach Sanford.
4:06 of 3rd period - Shot Misses the Net.
4:18 of 3rd period - Shot by Evgeny Kuznetsov.
4:18 of 3rd period - Stopped by Jake Allen without a rebound.
4:19 of 3rd period - Connor McDavid wins face-off versus Ryan Dzingel in SAN JOSE zone.
4:59 of 3rd period - Caleb Jones is hit by Ryan Dzingel and loses puck.
5:20 of 3rd period - Icing by Frank Vatrano.
5:21 of 3rd period - Kevin Hayes wins face-off versus Connor McDavid in ANAHEIM zone.
5:27 of 3rd period - Minor Penalty to Chris Kreider for Tripping.
5:28 of 3rd period - David Kampf wins face-off versus Evgeny Kuznetsov in SAN JOSE zone.
5:39 of 3rd period - Niklas Hjalmarsson is hit by Andreas Athanasiou and loses puck.
6:06 of 3rd period - Shot by Evgeny Kuznetsov.
6:06 of 3rd period - Shot Blocked by Brandon Montour.
6:18 of 3rd period - Shot by Anton Stralman.
6:18 of 3rd period - Goal by Anton Stralman - SAN JOSE : 2 - ANAHEIM : 4.
6:19 of 3rd period - Ryan Dzingel wins face-off versus Pierre-Luc Dubois in neutral zone.
6:28 of 3rd period - Shot by Jesper Fast.
6:28 of 3rd period - Shot Blocked by Jake McCabe.
7:21 of 3rd period - Shot by Evgeny Kuznetsov.
7:21 of 3rd period - Shot Misses the Net.
7:23 of 3rd period - Shot by Radek Faksa.
7:23 of 3rd period - Stopped by Jake Allen without a rebound.
7:24 of 3rd period - Connor McDavid wins face-off versus Kevin Hayes in SAN JOSE zone.
7:27 of 3rd period - Shot by Connor McDavid.
7:27 of 3rd period - Shot Misses the Net.
7:29 of 3rd period - Shot by Caleb Jones.
7:29 of 3rd period - Shot Blocked by Brandon Montour.
7:35 of 3rd period - Shot by Connor McDavid.
7:35 of 3rd period - Goal by Connor McDavid - SAN JOSE : 2 - ANAHEIM : 5.
7:36 of 3rd period - Evgeny Kuznetsov wins face-off versus Alexander Kerfoot in neutral zone.
7:53 of 3rd period - Shot by Andreas Athanasiou.
7:53 of 3rd period - Goal by Andreas Athanasiou - SAN JOSE : 2 - ANAHEIM : 6.
7:54 of 3rd period - Connor McDavid wins face-off versus Kevin Hayes in neutral zone.
8:00 of 3rd period - Off-side.
8:01 of 3rd period - Andreas Athanasiou wins face-off versus Cam Atkinson in neutral zone.
8:01 of 3rd period - Evgeny Kuznetsov is hit by Chris Kreider and loses puck.
8:24 of 3rd period - Shot by Cam Atkinson.
8:24 of 3rd period - Shot Misses the Net.
8:26 of 3rd period - Shot by Brandon Montour.
8:26 of 3rd period - Shot Misses the Net.
9:00 of 3rd period - Off-side.
9:01 of 3rd period - Connor McDavid wins face-off versus Alexander Kerfoot in neutral zone.
9:07 of 3rd period - Minor Penalty to TJ Brodie for Hooking.
9:08 of 3rd period - Chris Kreider wins face-off versus Connor McDavid in SAN JOSE zone.
9:14 of 3rd period - Icing by Jason Zucker.
9:15 of 3rd period - Connor McDavid wins face-off versus Chris Kreider in ANAHEIM zone.
9:15 of 3rd period - Connor McDavid is hit by Chris Kreider.
9:21 of 3rd period - Shot by Frank Vatrano.
9:21 of 3rd period - Stopped by Jake Allen without a rebound.
9:22 of 3rd period - Chris Kreider wins face-off versus Connor McDavid in SAN JOSE zone.
9:36 of 3rd period - Off-side.
9:37 of 3rd period - Evgeny Kuznetsov wins face-off versus Chris Kreider in neutral zone.
9:59 of 3rd period - Shot by Andreas Athanasiou.
9:59 of 3rd period - Shot Misses the Net.
11:03 of 3rd period - Shot by Frank Vatrano.
11:03 of 3rd period - Deflect By Jason Zucker.
11:03 of 3rd period - Shot Blocked by Cody Ceci.
11:22 of 3rd period - Tanner Pearson is hit by Caleb Jones and loses puck.
11:31 of 3rd period - Tanner Pearson is hit by Trevor van Riemsdyk and loses puck.
11:35 of 3rd period - Minor Penalty to Trevor van Riemsdyk for Slashing.
11:36 of 3rd period - Connor McDavid wins face-off versus Ryan Dzingel in ANAHEIM zone.
12:03 of 3rd period - Shot by Ryan Murray.
12:03 of 3rd period - Stopped by Cam Talbot without a rebound.
12:04 of 3rd period - Kevin Hayes wins face-off versus Pierre-Luc Dubois in ANAHEIM zone.
12:05 of 3rd period - Shot by Cody Ceci.
12:05 of 3rd period - Stopped by Cam Talbot without a rebound.
12:06 of 3rd period - Ryan Dzingel wins face-off versus Connor McDavid in ANAHEIM zone.
13:17 of 3rd period - Shot by Ryan Murray.
13:17 of 3rd period - Shot Hit the Post.
13:19 of 3rd period - Shot by Kevin Hayes.
13:19 of 3rd period - Stopped by Cam Talbot with a rebound.
13:21 of 3rd period - Shot by Cam Atkinson.
13:21 of 3rd period - Stopped by Cam Talbot without a rebound.
13:22 of 3rd period - Pierre-Luc Dubois wins face-off versus Ryan Dzingel in ANAHEIM zone.
13:30 of 3rd period - Icing by Rickard Rakell.
13:31 of 3rd period - Connor McDavid wins face-off versus Ryan Dzingel in SAN JOSE zone.
13:52 of 3rd period - Tanner Pearson is hit by Tyler Motte and loses puck.
14:09 of 3rd period - Shot by Michael Frolik.
14:09 of 3rd period - Stopped by Jake Allen without a rebound.
14:10 of 3rd period - Kevin Hayes wins face-off versus Evgeny Kuznetsov in SAN JOSE zone.
14:16 of 3rd period - Andreas Athanasiou is hit by Brandon Montour and loses puck.
14:19 of 3rd period - Shot by Andreas Athanasiou.
14:19 of 3rd period - Shot Blocked by Brandon Montour.
14:21 of 3rd period - Shot by Zach Sanford.
14:21 of 3rd period - Stopped by Jake Allen without a rebound.
14:22 of 3rd period - Rickard Rakell wins face-off versus Frank Vatrano in SAN JOSE zone.
14:45 of 3rd period - Off-side.
14:46 of 3rd period - Kevin Hayes wins face-off versus Evgeny Kuznetsov in neutral zone.
15:07 of 3rd period - Shot by Andreas Athanasiou.
15:07 of 3rd period - Stopped by Jake Allen without a rebound.
15:08 of 3rd period - Connor McDavid wins face-off versus Ryan Dzingel in SAN JOSE zone.
15:08 of 3rd period - Anton Stralman is hit by Niklas Hjalmarsson and loses puck.
15:33 of 3rd period - Shot by Connor McDavid.
15:33 of 3rd period - Shot Blocked by Ryan Murray.
16:26 of 3rd period - Evgeny Kuznetsov is hit by Chris Kreider and loses puck.
16:36 of 3rd period - Icing by Olli Maatta.
16:37 of 3rd period - Stefan Noesen wins face-off versus Evgeny Kuznetsov in ANAHEIM zone.
16:40 of 3rd period - Shot by Tanner Pearson.
16:40 of 3rd period - Stopped by Cam Talbot without a rebound.
16:41 of 3rd period - Pierre-Luc Dubois wins face-off versus Alexander Kerfoot in ANAHEIM zone.
16:41 of 3rd period - Pierre-Luc Dubois is hit by Alexander Kerfoot.
17:17 of 3rd period - Shot by Pierre-Luc Dubois.
17:17 of 3rd period - Deflect By Tyler Motte.
17:17 of 3rd period - Shot Misses the Net.
17:29 of 3rd period - Shot by Andreas Athanasiou.
17:29 of 3rd period - Stopped by Jake Allen with a rebound.
17:41 of 3rd period - Shot by Andreas Athanasiou.
17:41 of 3rd period - Shot Misses the Net.
17:53 of 3rd period - Shot by Evgeny Kuznetsov.
17:53 of 3rd period - Shot Blocked by Will Butcher.
18:01 of 3rd period - Shot by Andreas Athanasiou.
18:01 of 3rd period - Shot Blocked by TJ Brodie.
18:20 of 3rd period - Shot by Jason Zucker.
18:20 of 3rd period - Shot Misses the Net.
18:30 of 3rd period - Shot by Connor McDavid.
18:30 of 3rd period - Stopped by Jake Allen with a rebound.
18:32 of 3rd period - Shot by Jason Zucker.
18:32 of 3rd period - Shot Misses the Net.
18:34 of 3rd period - Shot by Connor McDavid.
18:34 of 3rd period - Shot Misses the Net.
18:45 of 3rd period - Icing by TJ Brodie.
18:46 of 3rd period - Michael Frolik wins face-off versus Alexander Kerfoot in SAN JOSE zone.
19:07 of 3rd period - Shot by Chris Kreider.
19:07 of 3rd period - Stopped by Cam Talbot without a rebound.
19:08 of 3rd period - Kevin Hayes wins face-off versus Evgeny Kuznetsov in ANAHEIM zone.
19:09 of 3rd period - Shot by Brandon Montour.
19:09 of 3rd period - Shot Misses the Net.
19:13 of 3rd period - Shot by Kevin Hayes.
19:13 of 3rd period - Stopped by Cam Talbot without a rebound.
19:14 of 3rd period - Radek Faksa wins face-off versus Kevin Hayes in ANAHEIM zone.
19:33 of 3rd period - Chris Kreider is hit by Evgeny Kuznetsov and loses puck.
19:39 of 3rd period - Icing by Cody Ceci.
19:40 of 3rd period - Chris Kreider wins face-off versus Pierre-Luc Dubois in SAN JOSE zone.
19:53 of 3rd period - Shot by Chris Kreider.
19:53 of 3rd period - Stopped by Cam Talbot without a rebound.
19:54 of 3rd period - Connor McDavid wins face-off versus Ryan Dzingel in ANAHEIM zone.
19:58 of 3rd period - Off-side.
19:59 of 3rd period - Jason Zucker wins face-off versus Ryan Dzingel in neutral zone.
Goals for this period are 0 for SAN JOSE vs 3 for ANAHEIM.
Shots for this period are 10 for SAN JOSE vs 13 for ANAHEIM.